 Dungeon Crawl Stone Soup version 0.29.1-2-gbd0b4ee654 (webtiles) character file.

Game seed: 8092662976908424186

1793 kdlk the Cleaver (level 8, -9/74 HPs)
             Began as a Minotaur Berserker on Nov 14, 2022.
             Was a Priest of Trog.
             Mangled by an orc warrior
             ... wielding a +2 scimitar of venom
              (19 damage)
             ... on level 7 of the Dungeon.
             The game lasted 00:17:24 (6786 turns).

kdlk the Cleaver (Minotaur Berserker)               Turns: 6786, Time: 00:17:25

Health: -9/74      AC:  6    Str: 30    XL:     8   Next: 82%
Magic:  0/7        EV: 12    Int:  4    God:    Trog [***...]
Gold:   300        SH:  0    Dex: 10    Spells: 7/7 levels left

rFire   + + .      SeeInvis .   A - +1 hand axe (flame)
rCold   . . .      Faith    .   (no shield)
rNeg    . . .      Spirit   +   D - +2 leather armour {rF+}
rPois   .          Reflect  .   (helmet restricted)
rElec   .          Harm     .   (no cloak)
rCorr   .          Rampage  .   (no gloves)
Will    ++...                   r - +0 pair of boots
Stlth   +.........              m - amulet of guardian spirit
HPRegen 1.22/turn               l - +6 ring of strength
MPRegen 0.10/turn               z - ring of protection from fire

@: lethally poisoned (-9 -> -14), strong-willed (expiring), on berserk cooldown,
regenerating (expiring), slowed, very slow
A: horns 2, retaliatory headbutt
a: Renounce Religion, Berserk, Trog's Hand


You were on level 7 of the Dungeon.
You worshipped Trog.
Trog was most pleased with you.
You visited 1 branch of the dungeon, and saw 7 of its levels.

You collected 300 gold pieces.

Inventory:

Hand Weapons
 a - a +0 hand axe
 y - a +0 war axe
 A - a +1 hand axe of flaming (weapon)
Missiles
 v - 18 poisoned darts
 E - 6 javelins (quivered)
Armour
 b - a +0 animal skin
 d - a +1 scale mail of cold resistance
 r - a +0 pair of boots (worn)
 C - a +0 pair of gloves
 D - a +2 leather armour of fire resistance (worn)
Jewellery
 c - a ring of magical power
 l - a +6 ring of strength (left hand)
 m - an amulet of guardian spirit (around neck)
 z - a ring of protection from fire (right hand)
Wands
 q - a wand of polymorph (5)
 B - a wand of iceblast (4)
 F - a wand of quicksilver (9)
Scrolls
 i - a scroll of teleportation {unknown}
 j - 2 scrolls of blinking {unknown}
 k - 3 scrolls of vulnerability
 p - 2 scrolls of fog {unknown}
 s - 2 scrolls of magic mapping {unknown}
 t - a scroll of poison {unknown}
 u - 2 scrolls of enchant weapon {unknown}
 x - a scroll of fear {unknown}
 H - a scroll of amnesia {unknown}
Potions
 e - a potion of might {unknown}
 f - 5 potions of mutation
 g - 4 potions of flight
 h - 4 potions of heal wounds {unknown}
 n - a potion of curing {unknown}
 o - a potion of magic {unknown}
 w - a potion of experience {unknown}
 G - a potion of attraction {unknown}


   Skills:
 + Level 8.1 Fighting
 * Level 11.0 Axes
 + Level 2.0 Throwing
 + Level 3.7 Armour
 + Level 3.4 Dodging


You had 7 spell levels left.
You didn't know any spells.
Your spell library was empty.

Dungeon Overview and Level Annotations

Branches:
Dungeon (7/15)             Temple (0/1) D:4

Altars:

Shops:
D:1 *


Innate Abilities, Weirdness & Mutations

You have a pair of horns on your head.
You reflexively headbutt those who attack you in melee.


Message History

The gnoll hits you from afar with a +0 halberd!
You barely miss the gnoll bouda. You slash the gnoll bouda!
You burn the gnoll bouda.
The gnoll bouda is heavily wounded.
The gnoll bouda hits you with a +0 whip!
The gnoll hits you from afar with a +0 halberd!
You hit the gnoll bouda. You burn the gnoll bouda.
The gnoll bouda is almost dead.
You hit the gnoll bouda. You burn the gnoll bouda.
You kill the gnoll bouda!
Trog accepts your kill.
The gnoll hits you from afar with a +0 halberd!
Your Axes skill increases to level 11!
You barely miss the orc warrior. You slash the orc warrior!
You burn the orc warrior. Your headbutt misses the orc warrior.
The orc warrior is heavily wounded.
You are no longer berserk.
You are exhausted.
You feel yourself slow down. The orc warrior barely misses you.
The gnoll hits you from afar with a +0 halberd.
You hit the orc warrior. You burn the orc warrior.
The orc warrior is severely wounded.
The orc warrior hits you with a +2 scimitar of venom!
The gnoll closely misses you.
You closely miss the orc warrior.
The orc warrior is severely wounded.
The orc warrior hits you with a +2 scimitar of venom!
* * * LOW HITPOINT WARNING * * *
The gnoll hits you from afar with a +0 halberd!
* * * LOW HITPOINT WARNING * * *
Your skin crawls.
You feel strong-willed.
You feel the effects of Trog's Hand fading.
The orc warrior hits you with a +2 scimitar of venom!
* * * LOW HITPOINT WARNING * * *
You are poisoned.
The gnoll closely misses you.
The orc warrior hits you with a +2 scimitar of venom!!
You die...

#≈~~............#
#≈≈....).†......#
#≈~.~.##'#....).#
#≈≈~~.#..#..##))#
#≈≈≈..#..#..#...#
#≈≈~..####..#...#
#≈≈~.....P..#...#
#≈~~........###'#
#≈≈≈~....@)..#..##
#
#≈≈~..####og.#>..##
# #≈~...# ...###..#
# #≈≈≈..#
$...♣#..## #
#≈≈≈~.#
.....##..#### #
#≈≈≈~.
.....♣#...#.## #
#≈≈≈ ....♣.##.....#
# #+#...♣####.####
#..##.


You could see an orc warrior and a gnoll (swift).

Vanquished Creatures
  A water moccasin (D:7)
  A black bear (D:6)
  An orc warrior (D:6)
  2 sky beasts
  3 ogres
  A phantom (D:7)
  A kobold brigand (D:6)
  2 bullfrogs
  3 scorpions
  3 howler monkeys (D:7)
  2 hounds (D:7)
  A jelly (D:6)
  2 gnoll boudas (D:7)
  Terence (D:2)
  3 iguanas
  An orc wizard (D:6)
  8 gnolls (D:7)
  3 adders
  An ufetubus (D:4)
  4 worms
  15 orcs
  8 endoplasms
  11 goblins
  4 hobgoblins
  4 jackals (D:1)
  9 quokkas
  6 ball pythons
  4 bats
  7 frilled lizards
  9 kobolds
  3 rats (D:2)
124 creatures vanquished.

Notes
Turn   | Place    | Note
-------+----------+-------------------------------------------
     0 | D:1      | kdlk the Minotaur Berserker began the quest for the Orb.
     0 | D:1      | Reached XP level 1. HP: 19/19 MP: 0/0
   103 | D:1      | Reached skill level 4 in Axes
   246 | D:1      | You fall into a shaft and drop 1 floor!
   260 | D:2      | Reached XP level 2. HP: 19/27 MP: 1/1
   610 | D:2      | Noticed Terence
   623 | D:2      | Killed Terence
   624 | D:2      | Reached skill level 5 in Axes
   624 | D:2      | Reached XP level 3. HP: 3/34 MP: 2/2
  1320 | D:2      | Reached XP level 4. HP: 27/41 MP: 3/3
  1718 | D:2      | Reached ** piety under Trog
  2268 | D:1      | Found a faded altar of an unknown god.
  2379 | D:1      | Found Urekhlan's General Store.
  3777 | D:4      | Noticed a scorpion
  3793 | D:4      | Killed a scorpion
  3794 | D:4      | Reached skill level 5 in Fighting
  3794 | D:4      | Reached skill level 6 in Axes
  3794 | D:4      | Reached XP level 5. HP: 36/48 MP: 1/4
  4079 | D:4      | Found a staircase to the Ecumenical Temple.
  4685 | D:5      | Entered Level 5 of the Dungeon
  4685 | D:5      | Noticed a sky beast
  4691 | D:5      | Killed a sky beast
  4692 | D:5      | Reached skill level 7 in Axes
  4692 | D:5      | Reached XP level 6. HP: 43/56 MP: 2/5
  4816 | D:5      | Noticed an orc warrior
  5148 | D:6      | Reached skill level 8 in Axes
  5260 | D:6      | Reached XP level 7. HP: 61/63 MP: 4/6
  5273 | D:6      | Reached skill level 9 in Axes
  5742 | D:6      | Reached XP level 8. HP: 73/73 MP: 7/7
  5876 | D:6      | Reached skill level 10 in Axes
  6271 | D:7      | Reached skill level 1 in Throwing
  6334 | D:7      | Reached *** piety under Trog
  6782 | D:7      | Reached skill level 11 in Axes
  6786 | D:7      | Mangled by an orc warrior

Illustrated notes

Levels and vault maps discovered:
D:1:      heliophobic_arrival_henge, layout_basic,
          shapermc_ecumenical_altar_starsandcircs, serial_shops, shop,
          hangedman_decor_peaks_small, minmay_misc_feat_secret_circle,
          minivault_25
D:2:      kennysheep_the_goblin_king, layout_basic, uniq_terence
D:3:      layout_basic, minmay_misc_feat_rows
D:4:      layout_rooms, minmay_temple_entry_mini_moons
D:5:      layout_basic, kennysheep_pointless_box, uniq_prince_ribbit1,
          uniq_edmund
D:6:      layout_basic
D:7:      kennysheep_seaside_town, layout_cave_pools, grunt_nemelex_the_gamble,
          amethyst_overflow_temple_binary, grunt_decor_cap

Skill      XL: |  1  2  3  4  5  6  7  8 |
---------------+-------------------------+-----
Axes           | 4 5 6 7 8 9 11 | 11.0
Fighting       | 4 5 6 7 8 |  8.1
Throwing       | 2 |  2.0
Armour         | 3 |  3.7
Dodging        | 3 |  3.4

Action                   |  1- 3 |  4- 6 |  7- 9 || total
-------------------------+-------+-------+-------++-------
Melee: Hand axe          |    59 |   101 |   100 ||   260
       Headbutt          |    11 |    13 |    12 ||    36
       War axe           |       |     5 |       ||     5
       Punch             |       |     1 |     1 ||     2
Invok: Berserk           |       |     2 |     7 ||     9
       Trog's Hand       |       |       |     1 ||     1
  Use: Scroll            |       |     3 |       ||     3
 Stab: Sleeping          |       |     2 |       ||     2
Armor: Animal skin       |     7 |    19 |     3 ||    29
       Leather armour    |       |       |     5 ||     5
Dodge: Dodged            |    45 |    55 |    36 ||   136
